AoeStats
← Raffizaffi

Fortress

510714849Analyzed
1v1 RM · 13h ago on Oct 2, 2026· 12m 47s· 2 players
Game mode
Random Map
Map size
Small (3 player)
Population
200
Speed
Normal
Resources
Standard
Victory
Conquest
Starting age
Dark Age
Ending age
Imperial Age
RankedLock teamsTeams togetherTeam positionsShared explorationLock speedFull tech treeHidden civsTurbo modeCheats
Victory
Defeat
🇺🇸 Saxons · United States
1221
+17
🇦🇹 Bohemians · Austria
1251
-17
Raffizaffi
7:31 Feudal Age
11:28 Castle Age
10:22 Loom
Mososio
7:31 Feudal Age
11:16 Castle Age
9:25 Double-Bit Axe
9:21 Horse Collar
10:00 Loom
12:26 Bow Saw
Connection lost

Rejoining the realm…

Still unreachable

The connection could not be restored.

Session expired

The server has moved on; the page needs a fresh start.